AoeStats
← Bandit

Arena

510448957Analyzed
3v3 RM · 1d ago on Oct 1, 2026· 32m 5s· 6 players
Game mode
Random Map
Map size
Normal (6 player)
Population
200
Speed
Normal
Resources
Standard
Victory
Conquest
Starting age
Dark Age
Ending age
Imperial Age
RankedLock teamsTeams togetherTeam positionsShared explorationLock speedFull tech treeHidden civsTurbo modeCheats
Victory
Defeat
🇦🇷 Turks · Argentina
1690
+5
🇦🇷 Khmer · Argentina
1496
+12
🇦🇷 Spanish · Argentina
1441
+14
🇺🇸 Huns · United States
1497
-14
🇺🇸 Mongols · United States
1398
-10
🇺🇸 Spanish · United States
1311
-7
Bandit
11:41 Feudal Age
12:44 Double-Bit Axe
15:18 Castle Age
13:23 Horse Collar
16:20 Bow Saw
16:37 Light Cavalry
21:16 Bloodlines
24:41 Scale Barding Armor
24:51 Loom
32:04 Fletching
izohc8ik
11:13 Feudal Age
15:02 Castle Age
15:00 Double-Bit Axe
14:58 Horse Collar
23:33 Wheelbarrow
22:47 Loom
25:01 Padded Archer Armor
25:01 Gold Mining
25:02 Stone Mining
25:35 Hand Cart
25:41 Bow Saw
28:31 Stone Shaft Mining
29:31 Heavy Plow
32:18 Imperial Age
32:01 Leather Archer Armor
The_Wanker
10:30 Feudal Age
11:06 Loom
14:15 Castle Age
12:29 Double-Bit Axe
16:34 Fletching
16:56 Bow Saw
20:33 Bodkin Arrow
24:34 Ballistics
27:00 Masonry
DS_Nacho_10
11:49 Feudal Age
15:37 Castle Age
19:46 Imperial Age
17:29 Double-Bit Axe
18:30 Bow Saw
18:23 Horse Collar
30:19 Padded Archer Armor
31:27 Leather Archer Armor
GT_22
10:42 Feudal Age
14:45 Castle Age
13:19 Double-Bit Axe
13:31 Horse Collar
21:04 Loom
nahuelzin
10:47 Feudal Age
13:57 Castle Age
12:15 Double-Bit Axe
13:43 Gold Mining
15:02 Bow Saw
15:13 Horse Collar
16:20 Wheelbarrow
16:46 Heavy Plow
18:41 Loom
19:15 Husbandry
19:49 Bloodlines
22:07 Scale Barding Armor
26:23 Stone Mining
28:58 Chain Barding Armor
28:48 Forging
31:25 Hand Cart
32:49 Iron Casting
Connection lost

Rejoining the realm…

Still unreachable

The connection could not be restored.

Session expired

The server has moved on; the page needs a fresh start.